 Dungeon Crawl Stone Soup version 0.20.1-1-g8b1a95d (webtiles) character file.

2072 dohliylev the Covert (level 9, -9/57 HPs)
             Began as a Vampire Enchanter on Dec 19, 2017.
             Was a Follower of Makhleb.
             Mangled by Duvessa
             ... wielding a +1 antimagic short sword
              (12 damage)
             ... on level 6 of the Dungeon.
             The game lasted 00:20:28 (5662 turns).

dohliylev the Covert (Vampire Enchanter)            Turns: 5662, Time: 00:20:29

Health: -9/57      AC:  7    Str:  7    XL:     9   Next: 5%
Magic:  1/12       EV: 18    Int: 20    God:    Makhleb [*.....]
Gold:   285        SH:  0    Dex: 15    Spells: 4/12 levels left

rFire    . . .     SeeInvis +   a - +9 rapier "Issop" {freeze, rN++}
rCold    + . .     Gourm    .   (no shield)
rNeg     + + +     Faith    .   b - +0 robe
rPois    +         Spirit   .   n - +0 helmet
rElec    .         Reflect  .   (no cloak)
rCorr    .         Harm     .   B - +1 pair of gloves
MR       .....                  D - +1 pair of boots
Stlth    +++++.....             o - amulet of rage
Regen    0.1/turn               j - ring of positive energy
MPRegen  0.2/turn               (no ring)

@: regenerating slowly
A: fangs 3, see invisible, unbreathing
a: Bat Form, Renounce Religion, Evoke Berserk Rage


You were on level 6 of the Dungeon.
You worshipped Makhleb.
Makhleb was aware of your devotion.
You were thirsty.

You visited 2 branches of the dungeon, and saw 7 of its levels.

You collected 285 gold pieces.

Inventory:

Hand Weapons
 a - the +9 rapier "Issop" (weapon) {freeze, rN++}
   (You found it on level 6 of the Dungeon)

   It has been specially enchanted to freeze those struck by it, causing extra
   injury to most foes and up to half again as much damage against particularly
   susceptible opponents.
   It can also slow down cold-blooded creatures.
   It greatly protects you from negative energy.
Armour
 b - a +0 robe (worn)
 n - a +0 helmet (worn)
 B - a +1 pair of gloves (worn)
 D - a +1 pair of boots (worn)
Jewellery
 j - a ring of positive energy (left hand)
 o - an amulet of rage (around neck)
 v - an uncursed amulet of faith
Wands
 y - a wand of digging (13/24)
 E - a wand of random effects (33/48)
 I - a wand of flame (26/48)
Scrolls
 e - a scroll of enchant armour {unknown}
 f - 9 scrolls of identify {unknown}
 m - 2 scrolls of enchant weapon {unknown}
 p - a scroll of fog {unknown}
 s - 2 scrolls of fear {unknown}
 t - 3 scrolls of amnesia {unknown}
 x - a scroll of noise {unknown}
 C - a scroll of immolation {unknown}
 F - a scroll of recharging {unknown}
 G - a scroll of remove curse {unknown}
 H - a scroll of teleportation {unknown}
Potions
 d - 5 potions of blood
 g - a potion of mutation {unknown}
 h - 2 potions of lignification {unknown}
 i - a potion of agility {unknown}
 k - 3 potions of ambrosia {unknown}
 l - 3 potions of curing {unknown}
 q - a potion of brilliance {unknown}
 r - a potion of flight {unknown}
 u - a potion of heal wounds {unknown}
 w - 2 potions of haste {unknown}
 z - a potion of magic {unknown}
 A - a potion of berserk rage {unknown}
Books
 c - a book of Maledictions

   Spells                             Type                      Level
   a - Corona                         Hexes                        1
   b - Ensorcelled Hibernation        Hexes/Ice                    2
   c - Confuse                        Hexes                        3
   d - Tukima's Dance                 Hexes                        3
   e - Dazzling Spray                 Conjuration/Hexes            3


   Skills:
 - Level 5.0 Short Blades
 + Level 9.3 Dodging
 - Level 9.4 Stealth
 - Level 2.0 Spellcasting
 - Level 6.0 Hexes
 - Level 3.1 Necromancy
 - Level 1.0 Ice Magic
 + Level 1.0 Invocations


You had 4 spell levels left.
You knew the following spells:

 Your Spells              Type           Power        Failure   Level  Hunger
a - Corona                Hex            ####...      1%          1    #......
b - Ensorcelled Hibernat  Hex/Ice        ###...       5%          2    ##.....
c - Confuse               Hex            ####....     3%          3    ###....
d - Apportation           Tloc           #.....       16%         1    #......
e - Animate Skeleton      Necr           N/A          4%          1    #......


Dungeon Overview and Level Annotations

Branches:
Dungeon (6/15)             Temple (1/1) D:4

Altars:
Dithmenos
Elyvilon
Gozag
Hepliaklqana
Kikubaaqudgha
Makhleb
Nemelex Xobeh
Okawaru
Qazlal
Ru
Sif Muna
Trog
Uskayaw
Vehumet
Xom
Zin
The Shining One

Shops:
D:6 }

Annotations:
D:6 Duvessa


Innate Abilities, Weirdness & Mutations

You heal slowly.
You have razor-sharp teeth.
You have supernaturally acute eyesight. (SInv)
You can survive without breathing.


Message History

You are feeling thirsty.
Duvessa closely misses you.
Casting: Confuse
Confirm with . or Enter, or press ? or * to list all spells.
Aiming: Confuse
Press: ? - help, Shift-Dir - straight line, f/p - Duvessa
Aim: Duvessa, wielding an antimagic short sword, wearing a leather armour and carrying a wand of polymorph (?/24) {zapped: 2} (berserk, fast, unusually strong, chance to defeat MR: 37%) Duvessa resists with some effort.
Duvessa misses you. Duvessa completely misses you.
Duvessa hits you with an antimagic short sword!
Duvessa hits you with an antimagic short sword!
You feel your power leaking away.
Duvessa hits you with an antimagic short sword!
Duvessa hits you with an antimagic short sword!
* * * LOW HITPOINT WARNING * * *
Duvessa closely misses you.
Duvessa hits you with an antimagic short sword!
* * * LOW HITPOINT WARNING * * *
Duvessa hits you with an antimagic short sword!
You die...

##. #.# ###.# ### ....##########
### ###.# .............###
####.###..##
.........##....######.........#
...........#...e@....####.....###
.<.................### ##.......
.........)........## #......#
...........#......# #..#####
..........#.......# #..#
......####........# #..###
.....## #....##### #####.##
....## ##...# #... ..### #...# #.


You could see Duvessa (berserk).

Vanquished Creatures
  Pikel (D:6)
  Eustachio (D:6)
  The ghost of wojtek the Cutter, an amateur KoAs of Hepliaklqana (D:3)
  2 ice beasts
  2 black bears
  2 slaves (D:6)
  A centaur (D:6)
  An ogre (D:4)
  3 big kobolds
  Dowan (D:6)
  A scorpion (D:5)
  2 howler monkeys
  2 bullfrog zombies
  A centaur zombie (D:5)
  A hound (D:6)
  4 worker ants
  Robin (D:2)
  4 gnolls (D:5)
  2 howler monkey skeletons (D:5)
  8 adders
  3 worms
  4 dart slugs
  3 leopard geckos
  An orc (D:3)
  10 giant cockroaches
  10 goblins
  17 hobgoblins
  6 jackals
  2 quokkas
  A ball python (D:1)
  10 bats
  8 frilled lizards
  13 kobolds
  A quokka skeleton (D:6)
  6 rats
136 creatures vanquished.

Vanquished Creatures (others)
  A slave (D:6)
  A leopard gecko (D:6)
2 creatures vanquished.

Grand Total: 138 creatures vanquished

Notes
Turn   | Place    | Note
-------+----------+-------------------------------------------
     0 | D:1      | dohliylev the Vampire Enchanter began the quest for the Orb.
     0 | D:1      | Reached XP level 1. HP: 13/13 MP: 3/3
   295 | D:1      | Reached skill level 5 in Hexes
   315 | D:1      | Reached XP level 2. HP: 16/19 MP: 3/5
   322 | D:1      | Learned a level 2 spell: Ensorcelled Hibernation
   424 | D:1      | Reached skill level 5 in Stealth
   897 | D:1      | Reached XP level 3. HP: 24/24 MP: 3/6
  1267 | D:2      | Reached skill level 1 in Ice Magic
  1664 | D:2      | Reached XP level 4. HP: 30/30 MP: 2/7
  1771 | D:2      | Noticed Robin
  2004 | D:2      | Killed Robin
  2526 | D:3      | Reached XP level 5. HP: 34/35 MP: 1/8
  3006 | D:3      | Noticed wojtek's ghost (amateur KoAs)
  3013 | D:3      | Learned a level 3 spell: Confuse
  3022 | D:3      | Killed wojtek's ghost
  3022 | D:3      | Reached XP level 6. HP: 41/41 MP: 5/9
  3363 | D:4      | Found a staircase to the Ecumenical Temple.
  3370 | Temple   | Entered the Ecumenical Temple
  3549 | Temple   | Became a worshipper of Makhleb the Destroyer
  3641 | D:4      | Found a glowing golden altar of the Shining One.
  3663 | D:4      | Noticed an ice beast
  3666 | D:4      | Killed an ice beast
  3675 | D:4      | Reached XP level 7. HP: 46/46 MP: 10/10
  3957 | D:5      | Entered Level 5 of the Dungeon
  3987 | D:5      | Reached skill level 5 in Short Blades
  4112 | D:5      | Found a shimmering altar of Xom.
  4150 | D:5      | Learned a level 1 spell: Apportation
  4152 | D:5      | Learned a level 1 spell: Animate Skeleton
  4238 | D:5      | Reached skill level 1 in Necromancy
  4403 | D:5      | Reached * piety under Makhleb
  4534 | D:5      | Reached skill level 1 in Invocations
  4745 | D:6      | Found a bloodstained altar of Trog.
  4751 | D:6      | Noticed Pikel
  4809 | D:6      | Killed Pikel
  4809 | D:6      | Reached XP level 8. HP: 48/52 MP: 0/11
  4822 | D:6      | Got a dazzling rapier
  5031 | D:6      | Identified the +9 rapier "Issop" {freeze, rN++} (You found it on level 6 of the Dungeon)
  5098 | D:6      | Noticed Eustachio
  5105 | D:6      | Killed Eustachio
  5237 | D:6      | Found Ujafax's Gadget Shoppe.
  5519 | D:6      | Reached XP level 9. HP: 53/57 MP: 12/12
  5549 | D:6      | Noticed Duvessa
  5549 | D:6      | Noticed Dowan
  5636 | D:6      | Killed Dowan
  5662 | D:6      | Mangled by Duvessa

Skill      XL: |  1  2  3  4  5  6  7  8 |
---------------+-------------------------+-----
Hexes          | 5 6 |  6.0
Stealth        | 5 7 9 |  9.4
Ice Magic      | 1 |  1.0
Short Blades   | 4 5 |  5.0
Dodging        | 6 9 |  9.3
Necromancy     | 3 |  3.1
Invocations    | 1 |  1.0
Spellcasting   | |  2.0

Action                   |  1- 3 |  4- 6 |  7- 9 || total
-------------------------+-------+-------+-------++-------
Melee: Dagger            |    64 |    85 |    60 ||   209
       Bite              |     4 |     3 |    11 ||    18
       Rapier            |       |       |    33 ||    33
 Cast: Corona            |     6 |     1 |     2 ||     9
       Ensorcelled Hiber |    25 |    21 |    25 ||    71
       Confuse           |       |     1 |     5 ||     6
       Animate Skeleton  |       |       |     3 ||     3
 Abil: Evoke Berserk Rag |       |     3 |     1 ||     4
       End Transformatio |       |       |     2 ||     2
       Bat Form          |       |       |     2 ||     2
 Stab: Sleeping          |    21 |    32 |    27 ||    80
       Confused          |       |     1 |     1 ||     2
  Eat: Corpse            |     7 |    11 |     6 ||    24
Armor: Robe              |    16 |    12 |    18 ||    46
Dodge: Dodged            |    39 |    38 |    64 ||   141
